Map: 뉴 리퍼그넌시 - 래더

Players

Ragnarok (SHIN)

  • Race: Zerg Zerg
  • Spawn Location: 1:00

llllllllllll (Oliveira) - Winner!

  • Race: Terran Terran
  • League: Master
  • Spawn Location: 7:00

Event: 2019 Assembly Summer

VOD

Have the link to the VOD?

Description

Time

  • Played on: Aug. 2, 2019, 7:25 a.m.
  • Length: 8:07

All games in this series

Show
View Real Time Build Order
Export as new Build Order

Ragnarok Zerg 

Build Orders: Hatch First 

Get SALT Encoding   

  12  0:00  Drone  
  13  0:12  Overlord  
  13  0:17  Drone  
  14  0:24  Overlord  
  14  0:31  Drone  
  14  0:34  Drone  
  16  0:56  Hatchery  
  15  0:59  Drone  
  15  1:02  Drone  
  17  1:06  Drone  
  18  1:16  Extractor  
  17  1:22  Spawning Pool  
  17  1:25  Drone  
  17  1:28  Drone  
  18  1:39  Drone  
  19  2:08  Zergling x2  
  19  2:09  Zergling x2, Queen x2  
  19  2:11  Zergling x2  
  19  2:12  Drone  
  27  2:21  Metabolic Boost  
  27  2:24  Drone x2  
  29  2:33  Drone x2  
  31  2:41  Overlord  
  31  2:43  Drone  
  32  2:44  Queen  
  34  2:54  Drone x2  
  36  3:02  Hatchery  
  36  3:05  Drone  
  36  3:07  Drone  
  36  3:12  Drone  
  38  3:15  Drone  
  38  3:17  Drone x2  
  38  3:18  Drone  
  42  3:26  Roach Warren  
  41  3:27  Drone, Extractor  
  41  3:30  Drone  
  41  3:33  Drone  
  43  3:37  Overlord  
  43  3:44  Overlord  
  43  3:51  Overlord  
  43  4:05  Roach x6  
  55  4:11  Roach  
  55  4:14  Roach  
  59  4:25  Zergling x18  
  67  4:33  Overlord  
  67  4:34  Zergling x2  
  67  4:35  Ravager x2  
  67  4:36  Ravager  
  70  4:43  Zergling x4  
  72  4:48  Spore Crawler, Zergling x4  
  72  4:50  Spore Crawler  
  72  4:54  Ravager  
  72  4:55  Zergling x10  
  69  5:14  Drone  
  69  5:15  Drone x6  
  69  5:24  Drone x2  
  69  5:26  Drone  
  67  5:30  Drone  
  67  5:32  Drone  
  67  5:34  Ravager x2  
  68  5:36  Drone  
  68  5:39  Drone  
  68  5:42  Drone  
  71  5:47  Drone  
  71  5:49  Queen  
  74  5:50  Drone  
  74  5:54  Drone  
  74  5:58  Drone x3  
  74  6:02  Ravager  
  68  6:09  Drone x3  
  60  6:19  Drone, Queen  
  60  6:20  Drone x2  
  60  6:21  Lair  
  65  6:29  Drone x3, Extractor  
  65  6:30  Drone x2, Extractor  
  68  6:34  Zergling x2  
  69  6:42  Zergling x4  
  69  6:43  Evolution Chamber x2  
  69  6:44  Overlord  
  69  6:52  Overlord x2  
  69  6:53  Overlord  
  69  7:01  Overlord x2  
  69  7:05  Overlord x2  
  69  7:07  Overlord  
  69  7:12  Roach x4  
  77  7:16  Roach x2  
  77  7:17  Extractor  
  77  7:19  Zergling x2  
  81  7:23  Roach  
  81  7:26  Roach x2  
  81  7:27  Roach  
  81  7:28  Roach, Zergling x2  
  88  7:31  Roach x2  
  75  7:38  Roach, Zergling x6  
  75  7:43  Roach, Zergling x4  
  68  7:46  Roach  
  68  7:48  Zergling x2  
Show
View Real Time Build Order
Export as new Build Order

llllllllllll Terran - Winner!

Build Orders: Liberator Opening, Reaper Expand 

Get SALT Encoding   

  12  0:00  SCV  
  13  0:12  SCV  
  14  0:17  Supply Depot  
  14  0:25  SCV  
  15  0:39  SCV  
  15  0:40  Barracks  
  16  0:43  Refinery  
  16  0:51  SCV  
  17  1:03  SCV  
  18  1:15  SCV  
  19  1:27  Reaper  
  19  1:28  Orbital Command  
  20  1:40  Command Center  
  20  1:48  Supply Depot  
  20  1:53  SCV  
  21  1:59  Marine  
  22  2:05  SCV  
  23  2:09  Factory  
  23  2:14  Refinery  
  23  2:17  SCV  
  23  2:21  Barracks Reactor  
  24  2:30  SCV  
  25  2:43  SCV  
  26  2:54  Orbital Command  
  26  2:57  SCV  
  27  2:59  Starport  
  27  3:04  Hellion x2, Marine  
  32  3:09  SCV  
  33  3:19  Liberator  
  33  3:21  SCV  
  33  3:24  Marine  
  33  3:25  Hellion x2  
  33  3:26  SCV  
  40  3:29  Supply Depot  
  40  3:34  SCV  
  40  3:38  SCV  
  45  3:51  Hellion x2  
  45  3:53  Supply Depot, SCV  
  45  3:54  SCV  
  51  3:56  Barracks Tech Lab  
  51  4:01  Liberator  
  51  4:06  SCV x2  
  53  4:19  Command Center  
  53  4:20  Factory Tech Lab  
  53  4:21  SCV  
  53  4:22  Marine  
  58  4:26  Stimpack  
  58  4:27  SCV  
  58  4:29  Supply Depot  
  59  4:36  SCV  
  59  4:37  Barracks  
  60  4:44  Marine  
  60  4:45  Bunker  
  61  4:50  Barracks  
  61  4:51  Siege Tank, SCV  
  65  4:56  SCV  
  65  4:57  Bunker  
  66  5:02  Marine  
  65  5:07  Starport Reactor  
  65  5:08  SCV  
  65  5:12  SCV  
  65  5:19  Marine  
  65  5:20  SCV  
  61  5:24  SCV  
  61  5:26  Marine x2  
  49  5:32  SCV  
  47  5:36  SCV  
  47  5:37  Marine  
  47  5:39  Siege Tank  
  49  5:44  Marine, SCV  
  49  5:48  Marine, SCV  
  53  5:51  Medivac  
  53  5:52  Command Center  
  55  5:58  SCV  
  55  5:59  Marine  
  55  6:00  SCV  
  52  6:08  Marine  
  52  6:09  Marine  
  52  6:11  SCV  
  53  6:12  Marine  
  54  6:20  Supply Depot  
  54  6:21  Supply Depot, Marine, Medivac, SCV  
  54  6:23  SCV  
  54  6:24  Liberator  
  59  6:27  Supply Depot  
  59  6:28  Marine  
  59  6:29  Combat Shield  
  60  6:33  SCV  
  61  6:41  Marine  
  61  6:46  Marine, SCV  
  67  6:50  SCV  
  67  6:51  Supply Depot, Marine  
  69  6:56  Siege Tank  
  69  6:57  Marine  
  69  6:58  SCV  
  74  7:02  Marine  
  74  7:04  Marine  
  74  7:06  Orbital Command  
  76  7:08  Marine  
  76  7:15  Marine  
  78  7:16  Engineering Bay  
  78  7:19  Engineering Bay  
  77  7:34  Marine, Siege Tank  
  80  7:38  Marine  
  80  7:39  Marine  
  80  7:40  Marine  
  81  7:48  SCV  
  77  7:53  Refinery  
  77  7:55  Barracks  
  77  7:56  Barracks  
  77  7:58  Refinery  
Tags
 
Add a new tag
Caveats
  • Supply blocks, unpowered buildings, or Contaminate may cause inaccurate times.
  • Supply counts are checked every 10 seconds.